Map: Oxide LE

Players

EnDerr - Winner!

  • Race: Zerg Zerg
  • Spawn Location: 7:00

Seither

  • Race: Terran Terran
  • League: Grandmaster
  • Spawn Location: 1:00

Event: DreamHack SC2 Masters 2020 Winter

VOD

Have the link to the VOD?

Description

Time

  • Played on: Oct. 25, 2020, 7:25 a.m.
  • Length: 18:32

All games in this series

Show
View Real Time Build Order
Export as new Build Order

EnDerr Zerg - Winner!

Build Orders: Pool First, Muta Ling Bane 

Get SALT Encoding   

  12  0:00  Drone  
  13  0:12  Overlord  
  13  0:16  Drone  
  14  0:31  Drone  
  14  0:32  Drone  
  16  0:41  Spawning Pool  
  15  0:44  Drone  
  15  0:49  Drone  
  17  0:51  Extractor  
  16  1:02  Drone  
  17  1:09  Drone  
  18  1:22  Hatchery  
  17  1:30  Queen  
  19  1:38  Overlord  
  19  1:46  Drone x2  
  21  1:55  Metabolic Boost  
  21  2:00  Zergling x2  
  21  2:01  Zergling x2  
  23  2:16  Queen  
  23  2:20  Overlord  
  25  2:27  Drone  
  26  2:35  Drone x2  
  28  2:38  Drone x3  
  31  2:48  Drone x2  
  33  2:57  Lair  
  33  2:59  Queen  
  33  3:05  Drone x2  
  37  3:09  Drone x2  
  39  3:18  Drone  
  39  3:19  Drone x2  
  43  3:20  Drone  
  43  3:22  Drone  
  44  3:33  Overlord  
  44  3:34  Drone, Roach Warren  
  43  3:37  Extractor  
  43  3:38  Extractor  
  43  3:40  Drone  
  43  3:46  Overlord  
  43  3:47  Extractor  
  43  3:48  Drone  
  43  3:56  Drone x4  
  47  4:04  Drone  
  48  4:14  Spire  
  48  4:16  Overseer  
  47  4:20  Drone x5  
  47  4:21  Hatchery  
  47  4:23  Zergling x2  
  51  4:26  Zergling x2  
  51  4:27  Drone  
  51  4:29  Drone  
  44  4:36  Drone  
  43  4:47  Drone x3  
  43  4:48  Drone  
  43  4:52  Drone x2  
  49  4:59  Overlord  
  47  5:17  Overlord  
  47  5:18  Drone x3  
  50  5:25  Mutalisk x5  
  60  5:32  Zerg Flyer Weapons Level 1  
  60  5:36  Mutalisk  
  60  5:37  Mutalisk  
  60  5:39  Drone  
  60  5:41  Drone  
  66  5:44  Drone  
  66  5:45  Drone  
  66  5:47  Drone  
  69  5:52  Drone x2  
  70  5:57  Mutalisk  
  70  5:58  Mutalisk  
  70  6:01  Drone x2  
  70  6:04  Drone  
  77  6:08  Drone x2, Baneling Nest  
  77  6:10  Drone  
  77  6:11  Drone  
  80  6:22  Mutalisk  
  80  6:34  Mutalisk  
  80  6:36  Overlord x2  
  80  6:37  Overlord x2  
  82  6:41  Extractor  
  82  6:43  Evolution Chamber, Extractor  
  82  6:44  Evolution Chamber  
  78  6:49  Overlord  
  78  6:56  Mutalisk x3  
  78  6:57  Mutalisk  
  78  6:59  Drone x5  
  78  7:00  Hatchery  
  90  7:05  Overlord  
  90  7:07  Drone x2  
  92  7:13  Centrifical Hooks  
  92  7:15  Drone x3  
  95  7:16  Drone  
  95  7:20  Zergling x2  
  95  7:21  Zergling x6  
  100  7:30  Zerg Ground Armor Level 1  
  100  7:31  Zerg Melee Weapons Level 1, Zergling x2  
  100  7:33  Zergling x2  
  102  7:38  Zergling x6  
  102  7:40  Baneling x4  
  102  7:42  Zergling x2  
  106  7:56  Mutalisk x4  
  115  7:58  Drone x3  
  117  8:06  Queen  
  117  8:07  Overseer  
  117  8:10  Zergling x12  
  117  8:12  Overlord  
  125  8:14  Zergling x4  
  127  8:20  Mutalisk x2  
  127  8:23  Zergling x2  
  127  8:24  Zergling x2  
  133  8:29  Drone x3  
  133  8:33  Zergling x2  
  135  8:37  Zerg Flyer Weapons Level 2  
  135  8:38  Mutalisk  
  135  8:39  Mutalisk  
  135  8:40  Zergling x2  
  140  8:42  Pneumatized Carapace  
  140  8:43  Baneling x4  
  140  8:44  Baneling  
  140  8:51  Zergling x2  
  140  8:52  Baneling x4  
  140  8:53  Baneling  
  141  8:57  Zergling x6  
  141  9:01  Baneling x2  
  141  9:02  Baneling x2, Overlord x2  
  144  9:08  Overlord x7  
  140  9:17  Overlord  
  140  9:24  Zergling x2  
  138  9:27  Zergling x4  
  138  9:30  Zergling x2  
  138  9:31  Zergling x18  
  145  9:37  Baneling x8  
  136  9:39  Overlord  
  136  9:40  Zergling x2  
  135  9:48  Zerg Melee Weapons Level 2, Zerg Ground Armor Level 2  
  135  9:54  Zergling x18  
  135  9:55  Zergling x2  
  145  10:01  Zergling x2  
  145  10:05  Mutalisk x2  
  138  10:11  Mutalisk  
  138  10:12  Mutalisk x3  
  134  10:16  Zergling x2  
  134  10:19  Zergling x4  
  134  10:20  Zergling x14  
  143  10:24  Drone x2  
  143  10:25  Queen  
  143  10:26  Extractor  
  144  10:32  Overseer  
  144  10:34  Zergling x6  
  147  10:39  Zergling x2  
  147  10:40  Drone x3  
  151  10:43  Baneling x16  
  151  10:46  Zergling x2  
  144  10:50  Drone x2  
  144  10:56  Zergling x2  
  147  10:57  Zergling x2  
  147  10:59  Zergling x2  
  147  11:00  Zergling x2  
  147  11:02  Zergling x2  
  149  11:10  Zergling x2  
  149  11:11  Zergling x8  
  152  11:15  Zergling x2  
  144  11:22  Mutalisk, Infestation Pit  
  144  11:23  Mutalisk x6  
  144  11:25  Zergling x4  
  159  11:26  Zergling x2  
  159  11:31  Baneling x5  
  160  11:34  Drone x6  
  160  11:35  Zergling x2  
  160  11:36  Hatchery  
  160  11:37  Zergling x2  
  166  11:40  Mutalisk  
  159  11:50  Zergling x2  
  159  11:54  Zergling x12  
  157  11:55  Zergling x4  
  157  11:57  Zergling x4  
  157  11:59  Drone x2  
  157  12:01  Spine Crawler  
  167  12:04  Zergling x2  
  167  12:05  Zergling x2  
  167  12:06  Zergling x8  
  167  12:08  Hive  
  173  12:12  Zergling x2  
  173  12:13  Zergling x2  
  173  12:14  Zergling x2  
  176  12:18  Extractor, Zergling x2  
  176  12:19  Zergling x8  
  176  12:22  Zergling x2  
  181  12:25  Zergling x2  
  182  12:30  Mutalisk x5  
  182  12:31  Mutalisk  
  182  12:36  Zergling x8  
  196  12:41  Zergling x2  
  197  12:50  Zergling x2  
  198  12:52  Zergling x2  
  198  12:53  Zergling x2  
  198  12:58  Zergling x2  
  198  12:59  Zergling x2  
  198  13:00  Zergling x2  
  198  13:05  Mutalisk x9  
  170  13:07  Zergling x8  
  170  13:09  Zergling x2  
  178  13:13  Zergling x2  
  178  13:16  Mutalisk  
  178  13:17  Mutalisk  
  178  13:19  Zergling x4  
  175  13:20  Zergling x4  
  175  13:28  Zergling x2  
  175  13:29  Zergling x12  
  180  13:35  Adrenal Glands  
  180  13:36  Overseer  
  180  13:39  Zergling x2  
  180  13:40  Zergling x8  
  185  13:44  Zerg Melee Weapons Level 3  
  185  13:47  Drone x3  
  188  13:53  Drone x4, Zerg Ground Armor Level 3  
  192  13:57  Baneling x2  
  192  13:58  Baneling x4  
  192  14:00  Zergling x2  
  192  14:01  Zergling x4  
  159  14:11  Zergling x18  
  159  14:13  Zergling x2  
  159  14:17  Zergling x2  
  167  14:20  Zergling x2  
  167  14:21  Zergling x10  
  168  14:29  Baneling x5  
  168  14:30  Baneling x10  
  168  14:31  Baneling  
  168  14:38  Ultralisk Cavern  
  167  14:41  Zergling x2  
  167  14:44  Zergling x2  
  167  14:51  Zergling x16  
  175  15:00  Overlord  
  175  15:01  Zergling x4  
  175  15:09  Zergling x2  
  175  15:10  Zergling x2  
  177  15:16  Zergling x12  
  183  15:29  Chitinous Plating  
  183  15:34  Baneling x3  
  183  15:35  Baneling x6  
  183  15:37  Zergling x2  
  177  15:48  Hatchery  
  176  15:51  Zergling x4  
  176  15:54  Zergling x2  
  172  16:01  Ultralisk x5  
  172  16:02  Ultralisk x2  
  197  16:10  Zergling x12  
  197  16:22  Zergling x2  
  197  16:23  Overseer  
  194  16:30  Ultralisk  
  186  16:38  Ultralisk x2  
  196  16:48  Anabolic Synthesis  
  196  16:58  Zergling x2  
  196  16:59  Zergling x4  
  196  17:00  Zergling x2  
  198  17:03  Zergling x4  
  198  17:06  Zergling x2  
  195  17:08  Zergling x2  
  195  17:09  Zergling x2  
  195  17:13  Zergling x2  
  192  17:16  Zergling x2  
  192  17:19  Ultralisk x2, Zergling x2  
  192  17:20  Zergling x2  
  197  17:30  Zergling x2  
  197  17:34  Zergling x4  
  197  17:37  Zergling x4  
Show
View Real Time Build Order
Export as new Build Order

Seither Terran 

Build Orders: Reaper Expand, Hellion Banshee 

Get SALT Encoding   

  12  0:00  SCV  
  13  0:12  SCV  
  14  0:17  Supply Depot  
  14  0:24  SCV  
  15  0:39  SCV  
  15  0:40  Barracks  
  16  0:43  Refinery  
  16  0:51  SCV  
  17  1:03  SCV  
  18  1:15  SCV  
  19  1:28  Orbital Command, Reaper  
  20  1:40  Command Center  
  20  1:51  Supply Depot  
  21  1:54  SCV  
  21  2:00  Marine  
  22  2:06  SCV  
  23  2:11  Factory  
  23  2:18  SCV  
  23  2:22  Barracks Reactor  
  23  2:30  SCV  
  24  2:41  Command Center  
  24  2:43  SCV  
  25  2:52  Orbital Command  
  25  2:58  Starport  
  25  3:01  SCV  
  26  3:07  Hellion  
  26  3:12  Hellion  
  30  3:15  Barracks Tech Lab  
  30  3:17  SCV  
  31  3:23  Refinery  
  31  3:26  SCV  
  32  3:33  Hellion  
  32  3:34  Hellion  
  35  3:45  Banshee  
  35  3:46  SCV x2  
  40  3:52  Barracks Tech Lab  
  39  3:55  Orbital Command  
  39  4:00  SCV x2  
  41  4:03  Hellion  
  41  4:04  Hellion  
  45  4:11  Supply Depot  
  45  4:12  SCV x2  
  45  4:15  Stimpack  
  47  4:19  Marine  
  47  4:23  SCV  
  49  4:24  SCV  
  50  4:35  SCV x2  
  44  4:44  SCV  
  45  4:47  SCV x2, Barracks, Supply Depot, Factory Reactor  
  45  4:50  Barracks  
  47  4:54  Marine  
  47  4:56  SCV  
  47  4:59  SCV  
  50  5:02  SCV, Engineering Bay  
  50  5:03  Refinery  
  51  5:09  SCV  
  51  5:11  Marine, SCV, Starport Reactor  
  54  5:15  Supply Depot  
  54  5:16  SCV  
  55  5:21  SCV  
  55  5:22  Orbital Command  
  56  5:29  Terran Infantry Weapons Level 1  
  56  5:31  SCV  
  56  5:32  Refinery  
  56  5:33  SCV  
  56  5:34  Marine x2  
  56  5:35  Marine  
  61  5:37  Factory Reactor  
  61  5:38  Supply Depot  
  61  5:41  Missile Turret  
  61  5:43  SCV  
  61  5:44  Missile Turret  
  61  5:45  SCV  
  61  5:48  Marine x2, Missile Turret  
  61  5:49  Medivac x2  
  69  5:52  Marine  
  69  5:56  SCV x2  
  69  5:58  Combat Shield, Marine x2  
  69  6:01  Supply Depot  
  69  6:03  SCV  
  72  6:06  Marine  
  72  6:08  SCV x2  
  75  6:11  Barracks  
  71  6:23  Marine x3, Medivac  
  71  6:24  Medivac  
  71  6:25  Widow Mine x2  
  80  6:30  SCV x3, Barracks  
  77  6:40  Missile Turret  
  77  6:42  SCV x3  
  77  6:43  Engineering Bay  
  77  6:44  Supply Depot  
  77  6:45  Armory  
  79  6:54  SCV x3  
  79  6:56  Marine x2  
  79  6:57  Marine x3  
  79  6:58  Widow Mine x2  
  89  7:02  Barracks Reactor  
  89  7:05  Supply Depot  
  89  7:06  SCV x2  
  89  7:07  SCV  
  91  7:14  Marine x3  
  91  7:23  Marine  
  91  7:24  Marine  
  91  7:25  SCV x2  
  91  7:26  Medivac x2  
  91  7:28  Widow Mine  
  91  7:29  SCV  
  101  7:32  Factory  
  101  7:34  Marine x3  
  101  7:36  Barracks Reactor  
  103  7:37  SCV  
  103  7:40  Marine x2  
  103  7:41  Marine  
  103  7:42  Marine  
  103  7:43  SCV x2  
  110  7:49  SCV  
  110  7:56  SCV x2  
  110  7:57  Missile Turret, Marine  
  110  7:58  Marine x3, Terran Infantry Weapons Level 2  
  112  7:59  Terran Infantry Armor Level 1  
  112  8:02  Supply Depot, SCV  
  110  8:08  SCV x2  
  110  8:11  Marine  
  110  8:12  Marine x2  
  115  8:14  SCV  
  115  8:16  Refinery  
  115  8:17  Supply Depot  
  116  8:20  Marine  
  116  8:22  Supply Depot  
  116  8:23  Marine, SCV  
  116  8:24  Supply Depot  
  119  8:28  Marine x3  
  122  8:36  Thor  
  122  8:37  Widow Mine x2  
  122  8:38  Drilling Claws  
  132  8:43  Command Center  
  132  8:46  Supply Depot, Marine x3  
  132  8:47  Medivac x2  
  132  8:48  Supply Depot  
  135  8:59  SCV x2  
  135  9:00  Supply Depot  
  135  9:01  Widow Mine x2, Command Center  
  141  9:15  Marine x3  
  141  9:16  Marine x3  
  147  9:20  SCV  
  147  9:21  SCV x2  
  147  9:23  Barracks  
  147  9:24  Barracks x2  
  130  9:34  Marine x4, Marauder  
  130  9:37  Thor, SCV x2  
  130  9:38  Widow Mine x2  
  143  9:41  Missile Turret, SCV  
  143  9:49  SCV  
  143  9:50  SCV  
  136  9:53  Medivac x2, Supply Depot, SCV  
  136  9:54  Marine x2, Barracks Reactor  
  136  9:55  Marine  
  144  10:01  Marine x3  
  137  10:07  Marine  
  137  10:11  SCV  
  137  10:12  Marine x3  
  141  10:19  Marine  
  141  10:21  SCV x2  
  144  10:23  SCV  
  144  10:26  Barracks Tech Lab x3  
  135  10:29  Marine x2  
  137  10:40  Marine  
  137  10:41  Marine  
  137  10:42  Missile Turret  
  139  10:44  Sensor Tower  
  139  10:54  SCV x2  
  139  10:55  Marine x2, Marauder  
  139  10:56  Marine x2, Marauder x2  
  137  11:05  Medivac x2  
  135  11:12  Marine x3, Marauder  
  135  11:17  Marauder x2  
  142  11:23  Planetary Fortress  
  142  11:25  SCV x2  
  144  11:28  Barracks Tech Lab  
  144  11:31  Orbital Command  
  144  11:32  SCV  
  145  11:34  Marine x2  
  145  11:35  Terran Infantry Armor Level 2, Medivac x2  
  145  11:37  SCV  
  149  11:43  Marine x5  
  119  11:47  Marine x2  
  119  11:48  Marine  
  119  11:53  SCV x2  
  122  11:54  Widow Mine x2  
  122  11:56  Hellbat  
  122  12:00  SCV  
  122  12:01  SCV  
  130  12:02  Marine x3  
  130  12:05  SCV x2, Medivac x2  
  139  12:11  Missile Turret  
  139  12:12  Supply Depot  
  139  12:16  Widow Mine x2  
  139  12:17  Marine  
  139  12:18  Marauder x2  
  139  12:19  Widow Mine  
  150  12:31  Missile Turret  
  150  12:34  Marine, Marauder x2  
  148  12:37  Widow Mine  
  148  12:40  Marine  
  148  12:41  Marauder x2  
  153  12:45  Thor  
  153  12:46  Widow Mine  
  159  12:56  Marine x2  
  159  12:57  Marine x3, Marauder x2  
  167  12:58  Widow Mine  
  167  13:02  Marine  
  167  13:03  Marine x2, Marauder x2  
  169  13:10  Missile Turret  
  165  13:20  Marine x2  
  165  13:25  Marine  
  165  13:38  Engineering Bay  
  165  13:43  Marine x8, Supply Depot x2  
  165  13:48  Orbital Command  
  173  13:54  Supply Depot  
  173  13:55  Terran Infantry Weapons Level 3  
  173  14:03  SCV  
  173  14:04  Marine x7  
  173  14:05  Marauder x4, SCV, Medivac x2  
  173  14:08  Marine  
  164  14:16  Widow Mine  
  164  14:17  SCV  
  164  14:22  Marine x5  
  162  14:24  Marine  
  162  14:25  Terran Infantry Armor Level 3  
  162  14:31  Missile Turret  
  163  14:32  Missile Turret  
  163  14:35  Medivac  
  163  14:36  Marine x3  
  174  14:38  Widow Mine x2  
  174  14:43  Medivac  
  172  14:47  Thor  
  172  14:50  Marine  
  172  14:51  Marine x3  
  173  15:06  Command Center  
  171  15:09  Marine x3  
  171  15:10  Marauder  
  171  15:11  Widow Mine  
  171  15:12  Orbital Command  
  167  15:24  Medivac  
  169  15:31  Orbital Command  
  169  15:33  Widow Mine x2  
  171  15:41  Refinery  
  171  15:42  Orbital Command  
  161  15:46  Marine x6  
  161  15:47  Marine x3  
  167  15:50  Widow Mine  
  167  15:51  Marine  
  167  15:54  Medivac  
  166  16:04  Marine x3  
  144  16:05  Marine x2, Marauder x2  
  144  16:06  Marine x2  
  144  16:08  Refinery  
  144  16:09  Marine  
  144  16:10  Refinery  
  152  16:22  Marine x2  
  152  16:23  Marine x3  
  152  16:24  Marine  
  152  16:25  Marauder  
  159  16:26  Marauder  
  159  16:35  Marine x2  
  157  16:40  Marine x2  
  157  16:41  Missile Turret  
  157  16:42  Marine x2  
  157  16:46  Marauder, Missile Turret  
  163  16:48  Marauder  
  163  16:50  Marine x2  
  163  16:52  Orbital Command  
  163  16:53  Marine x2  
  164  17:03  Marine x3, Orbital Command  
  143  17:18  Marauder x2  
  121  17:22  Marine  
  121  17:23  Marine, Marauder x2  
Tags
 
Add a new tag
Caveats
  • Supply blocks, unpowered buildings, or Contaminate may cause inaccurate times.
  • Supply counts are checked every 10 seconds.